 Dungeon Crawl Stone Soup version 0.16-a0-2710-g8b41a68 (webtiles) character file.

47 Kemay the Digger (level 3, 19/19 HPs)
             Began as a Gargoyle Earth Elementalist on Nov 26, 2014.
             Quit the game on level 2 of the Dungeon.
             The game lasted 00:13:14 (2091 turns).

Kemay the Digger (Gargoyle Earth Elementalist)      Turns: 2091, Time: 00:13:15

Health: 19/19      AC:  5    Str: 11    XL:     3   Next: 70%
Magic:  5/7        EV: 12    Int: 16    God:
Gold:   62         SH:  0    Dex: 12    Spells: 2 memorised, 5 levels left

rFire  . . .     SeeInvis .     h - +0 whip
rCold  + . .     Clarity  .     c - +0 robe
rNeg   + . .     SustAb   .     (no shield)
rPois  ∞         Gourm    .     (no helmet)
rElec  +         Spirit   .     (no cloak)
rCorr  .         Warding  .     (no gloves)
rMut   .         Stasis   .     (no boots)
MR     .....                    (no amulet)
Stlth  ++........               (no ring)
                                e - ring of protection from cold

@: not resistant to hostile enchantments, unstealthy
A: agile 1, negative energy resistance 1, electricity resistance, unbreathing,
petrification resistance, rot immunity, forlorn, MP-powered wands 1, AC +3
a: no special abilities


You were on level 2 of the Dungeon.
You were not hungry.

You visited 1 branch of the dungeon, and saw 2 of its levels.

You collected 62 gold pieces.

Inventory:

Hand weapons
 h - a +0 whip (weapon)
Missiles
 b - 52 stones (quivered)
Armour
 c - a +0 robe (worn)
Jewellery
 e - a ring of protection from cold (left hand)
Potions
 g - a potion of mutation
Books
 d - a book of Geomancy

   Spells                             Type                      Level
   *Sandblast                         Earth                        1
   *Stoneskin                         Transmutation/Earth          2
   Passwall                           Transmutation/Earth          3
   Stone Arrow                        Conjuration/Earth            3
   Petrify                            Transmutation/Earth          4
   Lee's Rapid Deconstruction         Earth                        5
Comestibles
 a - 3 bread rations
 f - a chunk of flesh


   Skills:
 - Level 1.5 Dodging
 - Level 2.1 Stealth
 * Level 3.0 Spellcasting
 - Level 0.7 Transmutations
 + Level 4.5 Earth Magic


You had 5 spell levels left.
You knew the following spells:

 Your Spells              Type           Power        Failure   Level  Hunger
a - Sandblast             Erth           ###...       3%          1    #......
b - Stoneskin             Trmt/Erth      ##......     12%         2    ##.....


Dungeon Overview and Level Annotations

Branches:
Dungeon (2/15)

Altars:
Vehumet


Innate Abilities, Weirdness & Mutations

You are resistant to torment.
You are immune to poison.
Your stone body is very resilient (AC +3).
You resist negative energy.
You are resistant to electric shocks.
You can survive without breathing.
You are immune to petrification.
You are immune to rotting.
You are agile. (Dex +2)
You have difficulty communicating with the divine.
You expend magic power (6 MP) to slightly strengthen your wands.


Message History

The quokka bites the plant but does no damage.
Casting: Sandblast
Confirm with . or Enter, or press ? or * to list all spells.
Aiming: Sandblast
Press: ? - help, Shift-Dir - straight line, f - giant cockroach
Aim: a giant cockroach (clinging, resting)
The blast of sand hits the giant cockroach.
The giant cockroach is severely wounded.
The quokka bites the plant but does no damage.
Casting: Sandblast
Confirm with . or Enter, or press ? or * to list all spells.
Aiming: Sandblast
Press: ? - help, Shift-Dir - straight line, f/p - giant cockroach
Aim: a giant cockroach (severely wounded, clinging)
The blast of sand hits the giant cockroach.
You kill the giant cockroach!
The quokka bites the plant but does no damage.
The quokka bites the plant.
You now have 62 gold pieces (gained 2).
Are you sure you want to abandon this character and quit the game? (Confirm with "yes".)

#.♣.♣#..#...#..# ###
#.♣.♣#.###.###.# #..
######.♣.♣#..#...#..# #.#
###.........#...._....###..
***####P......###....#...#.......
*>,...rP........##..###.###..####
*,,...P♣.............#...#.......
,,,.....♣..####.###.........#####
*,,,..♣*♣..* #.@###......### #..
*,*,.*,♣.P#* ##.# #####..# #†#
*,,,**♣.P.* #.# #..# #..
,,***♣.PP.*****#.# #..# #..
,,,,,,♣...,,,,,#.#* #..# #..
*,,,,,,##,,,,,,#..* #..# #.#
**,******,,,,,,##.** #..## #.#
*,* *,,,,,,**.,* #...# #.# **,*
*,,,,,,**#,** #♣♣.####'#


There were no monsters in sight!

Vanquished Creatures
  6 bats
  6 goblins
  5 hobgoblins (D:1)
  8 jackals
  A quokka (D:2)
  2 giant cockroaches (D:2)
  3 giant newts
  6 kobolds
  8 rats
45 creatures vanquished.

Notes
Turn   | Place    | Note
--------------------------------------------------------------
     0 | D:1      | Kemay, the Gargoyle Earth Elementalist, began the quest for the Orb.
     0 | D:1      | Reached XP level 1. HP: 10/10 MP: 3/3
   495 | D:1      | Reached XP level 2. HP: 15/15 MP: 1/5
   500 | D:1      | Learned a level 2 spell: Stoneskin
   944 | D:1      | Reached skill level 4 in Earth Magic
  1282 | D:1      | Reached XP level 3. HP: 19/19 MP: 4/6
  1972 | D:2      | Found a radiant altar of Vehumet.
  2041 | D:2      | Gained mutation: You expend magic power (6 MP) to slightly strengthen your wands. [potion of mutation]
  2041 | D:2      | Gained mutation: You are agile. (Dex +2) [potion of mutation]
  2041 | D:2      | Gained mutation: You have difficulty communicating with the divine. [potion of mutation]
  2091 | D:2      | Quit the game

Action                   || total
-------------------------++-------
Melee: Unarmed           ||    19
       Whip              ||    58
       Dagger            ||     6
 Cast: Sandblast         ||    67
  Use: Scroll            ||     4
       Potion            ||     2
 Stab: Sleeping          ||     1
  Eat: Chunk             ||     4
